 Dungeon Crawl Stone Soup version 0.22-a0-166-g5351223 (webtiles) character file.

61 Gorice the Slasher (level 3, -1/30 HPs)
             Began as a Minotaur Gladiator on Feb 13, 2018.
             Slain by a gnoll
             ... wielding a +0 flail
              (3 damage)
             ... on level 2 of the Dungeon.
             The game lasted 00:02:32 (811 turns).

Gorice the Slasher (Minotaur Gladiator)              Turns: 811, Time: 00:02:33

Health: -1/30      AC:  5    Str: 18    XL:     3   Next: 83%
Magic:  2/2        EV: 11    Int:  6    God:
Gold:   27         SH:  3    Dex: 11    Spells: 2/2 levels left

rFire    . . .     SeeInvis .   a - +0 long sword
rCold    . . .     Gourm    .   d - +0 buckler
rNeg     . . .     Faith    .   i - +0 ring mail (curse)
rPois    .         Spirit   .   c - +0 hat
rElec    .         Reflect  .   (no cloak)
rCorr    .         Harm     .   (no gloves)
MR       .....                  (no boots)
Stlth    +.........             (no amulet)
HPRegen  0.10/turn              (no ring)
MPRegen  0.08/turn              (no ring)

@: no status effects
A: retaliatory headbutt, horns 2
a: no special abilities


You were on level 2 of the Dungeon.
You were not hungry.

You visited 1 branch of the dungeon, and saw 2 of its levels.

You collected 27 gold pieces.

Inventory:

Hand Weapons
 a - a +0 long sword (weapon)
Missiles
 e - 16 sling bullets
 Y - 50 stones
 Z - 3 throwing nets (quivered)
Armour
 b - a +0 leather armour
 c - a +0 hat (worn)
 d - a +0 buckler (worn)
 i - a cursed +0 ring mail (worn)
Scrolls
 h - a scroll of teleportation {unknown}
 j - 3 scrolls of amnesia {unknown}
 m - a scroll of blinking {unknown}
 n - a scroll of enchant armour {unknown}
Potions
 k - 2 potions of brilliance {unknown}
 l - a potion of invisibility {unknown}
Comestibles
 f - 2 rations
 g - 8 chunks of flesh


   Skills:
 - Level 2.4 Fighting
 * Level 5.4 Long Blades
 - Level 2.0 Throwing
 + Level 1.6 Armour
 - Level 3.3 Dodging


You had 2 spell levels left.
You didn't know any spells.

Dungeon Overview and Level Annotations

Branches:
Dungeon (2/15)

Altars:
Makhleb
Zin


Innate Abilities, Weirdness & Mutations

You reflexively headbutt those who attack you in melee.
You have a pair of horns on your head.


Message History

Unknown command.
You slash the adder!
You kill the adder!
The kobold hits you but does no damage. You block the kobold's attack.
The gnoll barely misses you. The kobold barely misses you.
Unknown command.
You slash the gnoll!
You headbutt the gnoll, but do no damage.
The gnoll is severely wounded.
You block the gnoll's attack. The gnoll closely misses you.
You block the kobold's attack.
Unknown command.
The gnoll hits you from afar with a halberd.
The gnoll misses you. The kobold misses you.
A gnoll comes into view. It is wielding a flail.
Damage: 4 (max 4)
You hit the kobold but do no damage. The kobold barely misses you.
You hit the kobold.
You kill the kobold!
The gnoll closely misses you.
You barely miss the gnoll.
You headbutt the gnoll, but do no damage.
The gnoll is severely wounded.
The gnoll barely misses you. You block the gnoll's attack.
Unknown command.
You closely miss the gnoll. Your headbutt misses the gnoll.
The gnoll is severely wounded.
The gnoll hits you with a whip of pain!
The gnoll hits you from afar with a halberd.
* * * LOW HITPOINT WARNING * * *
The gnoll closely misses you.
You riposte.
You hit the gnoll but do no damage. Your headbutt misses the gnoll.
The gnoll is severely wounded.
Damage: 8 (max 8)
You hit the gnoll but do no damage. You headbutt the gnoll.
The gnoll is almost dead.
The gnoll hits you from afar with a halberd!
* * * LOW HITPOINT WARNING * * *
The gnoll hits you with a whip of pain.
* * * LOW HITPOINT WARNING * * *
You closely miss the gnoll.
You kill the gnoll!
The gnoll misses you. The gnoll closely misses you.
You riposte.
You barely miss the gnoll.
Damage: 14 (max 14) Unknown command.
Found an escape hatch in the ceiling.
Found a scroll labeled PEIMEXEEXE.
Found a stone staircase leading up.
The gnoll hits you with a flail.
You die...

.. #.##............... #?.
###.###.####..##.###. .#..
#...g(#.# #..##.# #.
#.<..##.###.#.# ##..##.#
#. ........# #.#.#
#...##)###.
#.#.###g###)#.#
#......>.#. ###....(..#
#.##.....#.
#.....g...###.#........
.....###.@.....#.#......##
........................#
##....#..#.###.###.##.###
#....>...............#
<...!.#...###<###.####
.................#
....#...####.##### .######
#.# ..#


You could see 2 gnolls.

Vanquished Creatures
  A gnoll (D:2)
  2 adders (D:2)
  A dart slug (D:2)
  A leopard gecko (D:2)
  2 giant cockroaches
  4 hobgoblins (D:1)
  4 kobolds
  A ball python (D:2)
  6 bats
  2 frilled lizards (D:1)
  4 goblins
  2 rats (D:1)
30 creatures vanquished.

Notes
Turn   | Place    | Note
-------+----------+-------------------------------------------
     0 | D:1      | Gorice the Minotaur Gladiator began the quest for the Orb.
     0 | D:1      | Reached XP level 1. HP: 18/18 MP: 0/0
    74 | D:1      | Reached skill level 4 in Long Blades
   124 | D:1      | Reached XP level 2. HP: 23/25 MP: 1/1
   606 | D:2      | Reached XP level 3. HP: 30/30 MP: 2/2
   649 | D:2      | Reached skill level 5 in Long Blades
   649 | D:2      | Reached skill level 1 in Armour
   663 | D:2      | Found a burning altar of Makhleb.
   666 | D:2      | Found a glowing silver altar of Zin.
   666 | D:2      | Noticed an angel
   667 | D:2      | Noticed an Executioner
   800 | D:2      | HP: 5/30 [gnoll/halberd (10)]
   800 | D:2      | HP: 1/30 [gnoll/whip of pain (4)]
   811 | D:2      | Slain by a gnoll

Vault maps used:
D:1:      saegor_arrival_simple_a
D:2:      cheibrodos_helix_gallery, grunt_temple_overflow_order_and_chaos_2,
          nicolae_ru_awakened_eye, serial_glass, glass_columns_c,
          glass_columns_b, due_unseen_surprise, feat_on_display,
          minmay_bisected, uniq_terence

Skill      XL: |  1  2  3 |
---------------+----------+-----
Long Blades    | 4 5 |  5.4
Armour         | 1 |  1.6
Fighting       | |  2.4
Throwing       | |  2.0
Dodging        | |  3.3

Action                   || total
-------------------------++-------
Melee: Long sword        ||    52
       Headbutt          ||    14
Armor: Leather armour    ||     8
       Ring mail         ||     6
Dodge: Dodged            ||    43
Block: Buckler           ||    13
       Rpst.: Long sword ||    14

Table legend:
 A = Spawn XP
 B = Non-spawn XP
 C = Spawn XP percentage of total XP
 D = Spawn monster count
 E = Non-spawn monster count
 F = Spawn count percentage of total count
 G = Total turns spent on level
                    A         B        C        D         E        F      G
               +---------+---------+-------+---------+---------+-------+---------
         Total |       0 |      88 |   0.0 |       0 |      30 |   0.0 |   811
               +---------+---------+-------+---------+---------+-------+---------
           D:1 |       0 |      27 |   0.0 |       0 |      17 |   0.0 |   584
           D:2 |       0 |      61 |   0.0 |       0 |      13 |   0.0 |   227
               +---------+---------+-------+---------+---------+-------+---------

Table legend:
 A = Turns spent in this place as a percentage of turns spent in the entire game.
 B = Non-inter-level travel turns spent in this place as a percentage of non-inter-level travel turns spent in the entire game.
 C = Inter-level travel turns spent in this place as a percentage of turns spent in this place.
 D = Turns resting spent in this place as a percentage of non-inter-level travel turns spent in this place.
 E = Turns spent auto-exploring this place as a percentage of non-inter-level travel turns spent in this place.
 F = Non-inter-level travel turns spent in this place divided by the number of levels of this place that you've seen.
                   A       B       C       D       E      F
               +-------+-------+-------+-------+-------+----------------------
         Total | 100.0 | 100.0 |   4.6 |   0.0 |  67.8 | 387.0
       Dungeon | 100.0 | 100.0 |   4.6 |   0.0 |  67.8 | 387.0
               +-------+-------+-------+-------+-------+----------------------

Vault maps used:
D:1:      saegor_arrival_simple_a
D:2:      cheibrodos_helix_gallery, grunt_temple_overflow_order_and_chaos_2,
          nicolae_ru_awakened_eye, serial_glass, glass_columns_c,
          glass_columns_b, due_unseen_surprise, feat_on_display,
          minmay_bisected, uniq_terence
